 Dungeon Crawl Stone Soup version 0.31-a0-174-g85c54bcb58 (webtiles) character file.

Game seed: 2609062037520033385

4823 qw the Skirmisher (level 10, 0/96 HPs)
             Began as a Naga Hunter on June 15, 2023.
             Was a Believer of Okawaru.
             Slain by a yak (6 damage)
             ... on level 10 of the Dungeon.
             The game lasted 00:02:41 (7569 turns).

qw the Skirmisher (Naga Hunter)                     Turns: 7569, Time: 00:02:42

Health: 0/96       AC:  9    Str: 14    XL:     10   Next: 48%
Magic:  11/13      EV: 15    Int:  9    God:    Okawaru [**....]
Gold:   260        SH:  0    Dex: 19    Spells: 9/9 levels left

rFire   . . .        Y - +5 arbalest (drain)
rCold   + . .        (shield currently unavailable)
rNeg    . . .        f - +1 leather armour {rC+}
rPois   +            i - +0 helmet
rElec   .            (no cloak)
rCorr   .            d - +0 pair of gloves
SInv    +            (no barding)
Will    +....        c - amulet of faith
Stlth   +++          (no ring)
HPRegen 0.36/turn    (no ring)
MPRegen 0.13/turn

%: faith
@: about to teleport, heroic, very slow
A: AC +3, large, see invisible, deformed body, poison resistance, slowness 2,
spit poison 1, naga tail 1
a: Spit Poison, Renounce Religion, Heroism


You were on level 10 of the Dungeon.
You worshipped Okawaru.
Okawaru was pleased with you.
You visited 2 branches of the dungeon, and saw 11 of its levels.

You collected 557 gold pieces.
You spent 297 gold pieces at shops.


Innate Abilities, Weirdness & Mutations

Your serpentine skin is tough. (AC +3)
You have supernaturally acute eyesight. (SInv)
Armour fits poorly on your strangely shaped body.
Your system is resistant to poisons. (rPois)
You cover ground very slowly.
You can spit poison.
You have a snake-like lower body.


   Skills:
 + Level 7.7(12.7) Fighting
 - Level 11.2(16.2) Ranged Weapons
 - Level 1.3(6.3) Armour
 - Level 4.0(9.0) Dodging
 - Level 1.5(6.5) Stealth
 - Level 4.0 Invocations


You had 9 spell levels left.
You didn't know any spells.
Your spell library was empty.

Inventory:

Hand Weapons
 Y - a +5 arbalest of draining (weapon)
Armour
 d - a +0 pair of gloves (worn)
 f - a +1 leather armour of cold resistance (worn)
 i - a +0 helmet (worn)
 j - a +2 ring mail of positive energy
Jewellery
 c - an amulet of faith (around neck)
Scrolls
 a - 5 scrolls of identify
 e - 4 scrolls of teleportation
Potions
 b - 3 potions of might
 g - 5 potions of curing
 k - a potion of haste

Dungeon Overview and Level Annotations

Branches:
Dungeon (10/15)            Temple (1/1) D:7
   Lair: D:8-11         Orc: D:9-12

Altars:
Ashenzari
Cheibriados
Dithmenos
Elyvilon
Fedhas
Gozag
Hepliaklqana
Kikubaaqudgha
Makhleb
Nemelex Xobeh
Okawaru
Qazlal
Ru
Sif Muna
Trog
Uskayaw
Vehumet
Wu Jian
Xom
Yredelemnul
Zin
The Shining One

Shops:
D:1 *   D:3 !   D:6 *

Annotations:
D:7 1 runed translucent door, Crazy Yiuf


Message History

Aiming: Spit Poison (1% risk of failure)
Press: ? - help, Shift-Dir - straight line, f/p - yak The splash of poison misses the yak.
The yak bellows!
You shoot a bolt. The bolt hits the yak.
The yak is moderately wounded.
A yak comes into view.
You shoot a bolt. The yak bellows!
The bolt hits the yak!
The yak is severely wounded.
You shoot a bolt. The bolt hits the yak!!
You kill the yak!
Okawaru accepts your kill.
You have got your breath back.
The yak gores you.
7564 ||| INVOKING Spit Poison.
Aiming: Spit Poison (1% risk of failure)
Press: ? - help, Shift-Dir - straight line, f - yak The splash of poison hits the yak!
The yak is moderately wounded.
You shoot a bolt. The bolt hits the yak.
The yak is moderately wounded.
The yak completely misses you.
You shoot a bolt. The bolt hits the yak!
You drain the yak.
The yak is severely wounded.
The yak gores you. The yak gores you! x2
You shoot a bolt. The bolt closely misses the yak.
The yak gores you! x3; The yak gores you but does no damage.
The yak gores you. The yak misses you. The yak gores you! The yak gores you.
7568 ||| READING 5 scrolls of teleportation.
As you read the scroll of teleportation, it crumbles to dust.
You feel strangely unstable.
You have got your breath back.
The yak gores you but does no damage. The yak closely misses you.
The yak gores you. The yak gores you!
7569 ||| INVOKING Heroism.
You gain the combat prowess of a mighty hero.
The yak gores you.
You die...

.# .# .#########
###+##### .........#
#........ .........#
#........ .........#####
#........ .........')).#
#........
..###....###.###YY%.....
).###....# #.)..@Y......
...####### #####.Y......
...+.# ....#####
...#'###### '###.#
###.......# .. ...
..........# #. ####
..........+ #.
..........# #
......#####


You could see 4 yaks.

Vanquished Creatures
  A two-headed ogre (D:8)
  Pikel (D:7)
  Joseph (D:7)
  A troll (D:9)
  A wyvern (D:7)
  4 yaks
  An acid dragon (D:9)
  2 water moccasins
  2 ice beasts
  5 centaurs
  2 ogres (D:5)
  A lemure (D:6)
  2 kobold brigands (D:6)
  2 scorpions (D:6)
  4 bullfrogs
  3 killer bees (D:9)
  A howler monkey (D:8)
  A hound (D:6)
  2 gnoll boudas
  3 orc priests (D:8)
  A sleepcap (D:6)
  4 orc wizards
  4 iguanas
  Natasha (twice) (D:3)
  11 gnolls
  11 adders
  2 white imps (D:7)
  An ufetubus (D:5)
  3 dart slugs (D:2)
  15 orcs
  7 ball pythons
  8 endoplasms
  7 giant cockroaches
  8 goblins
  6 hobgoblins
  2 jackals (D:2)
  6 quokkas
  5 bats
  3 frilled lizards
  17 kobolds
  5 rats
168 creatures vanquished.

Notes
Turn   | Place    | Note
-------+----------+-------------------------------------------
     0 | D:1      | qw the Naga Hunter began the quest for the Orb.
     0 | D:1      | Reached XP level 1. HP: 19/19 MP: 1/1
     0 | D:1      | 0 ||| qw: Version: 0.2-a-29-g511e9b1
     0 | D:1      | 0 ||| qw: Game counter: 5447
     0 | D:1      | 0 ||| qw: Always use a shield: true
     0 | D:1      | 0 ||| qw: God list: Okawaru
     0 | D:1      | 0 ||| qw: Allow faded altars: false
     0 | D:1      | 0 ||| qw: Do Orc after D:15 true
     0 | D:1      | 0 ||| qw: Do second Lair branch before Depths: true
     0 | D:1      | 0 ||| qw: Lair rune preference: random
     0 | D:1      | 0 ||| qw: Plans: Normal
     0 | D:1      | 0 ||| PLANNING D:1-11
    34 | D:1      | 34 ||| INVOKING Spit Poison.
    42 | D:1      | 42 ||| INVOKING Spit Poison.
    49 | D:1      | 49 ||| INVOKING Spit Poison.
    87 | D:1      | 87 ||| INVOKING Spit Poison.
    96 | D:1      | Reached skill level 4 in Ranged Weapons
    96 | D:1      | Reached XP level 2. HP: 26/26 MP: 2/2
   109 | D:1      | 109 ||| INVOKING Spit Poison.
   112 | D:1      | 112 ||| INVOKING Spit Poison.
   157 | D:1      | 157 ||| INVOKING Spit Poison.
   175 | D:1      | 175 ||| INVOKING Spit Poison.
   199 | D:1      | 199 ||| INVOKING Spit Poison.
   350 | D:1      | 350 ||| INVOKING Spit Poison.
   402 | D:1      | 402 ||| INVOKING Spit Poison.
   403 | D:1      | Reached XP level 3. HP: 32/32 MP: 3/3
   407 | D:1      | 407 ||| INVOKING Spit Poison.
   516 | D:1      | 516 ||| INVOKING Spit Poison.
   538 | D:1      | Found Duatiedo's Assorted Antiques.
   547 | D:1      | 547 ||| BUYING amethyst potion (18 gold).
   547 | D:1      | Bought an amethyst potion for 18 gold pieces
   547 | D:1      | 547 ||| SHOPLISTING blue potion (18 gold, have 8).
   547 | D:1      | 547 ||| SHOPLISTING helmet (94 gold, have 8).
   547 | D:1      | 547 ||| SHOPLISTING scroll labelled AMUANEEGET (21 gold,
                  | have 8).
   547 | D:1      | 547 ||| SHOPLISTING scroll labelled OLIYFO HAME (21 gold,
                  | have 8).
   547 | D:1      | 547 ||| SHOPLISTING scroll labelled XEEZXU FIKH (21 gold,
                  | have 8).
   547 | D:1      | 547 ||| SHOPLISTING scroll labelled YLAGOATEME (21 gold,
                  | have 8).
   547 | D:1      | 547 ||| SHOPLISTING viscous green potion (18 gold, have 8).
   564 | D:1      | 564 ||| INVOKING Spit Poison.
   580 | D:1      | 580 ||| INVOKING Spit Poison.
   620 | D:1      | 620 ||| INVOKING Spit Poison.
   676 | D:1      | 676 ||| READING scroll labelled YLAGOATEME.
   679 | D:1      | 679 ||| READING scroll labelled QUOFING CEXE.
   680 | D:1      | 680 ||| DROPPING scroll of butterflies.
   717 | D:2      | Found a sparkling altar of Nemelex Xobeh.
   736 | D:2      | 736 ||| INVOKING Spit Poison.
   740 | D:2      | 740 ||| INVOKING Spit Poison.
   747 | D:2      | 747 ||| INVOKING Spit Poison.
   750 | D:2      | 750 ||| INVOKING Spit Poison.
   763 | D:2      | 763 ||| INVOKING Spit Poison.
   792 | D:2      | 792 ||| INVOKING Spit Poison.
   794 | D:2      | Reached skill level 5 in Ranged Weapons
   794 | D:2      | Reached XP level 4. HP: 39/39 MP: 4/4
   831 | D:2      | 831 ||| INVOKING Spit Poison.
   863 | D:2      | 863 ||| INVOKING Spit Poison.
   889 | D:2      | 889 ||| INVOKING Spit Poison.
   906 | D:2      | 906 ||| INVOKING Spit Poison.
   912 | D:2      | 912 ||| INVOKING Spit Poison.
   918 | D:2      | 918 ||| INVOKING Spit Poison.
   921 | D:2      | HP: 9/39 [poisoned by an adder]
  1089 | D:2      | 1089 ||| INVOKING Spit Poison.
  1114 | D:2      | 1114 ||| INVOKING Spit Poison.
  1131 | D:2      | 1131 ||| INVOKING Spit Poison.
  1159 | D:2      | 1159 ||| INVOKING Spit Poison.
  1173 | D:2      | 1173 ||| INVOKING Spit Poison.
  1184 | D:2      | 1184 ||| INVOKING Spit Poison.
  1226 | D:2      | 1226 ||| INVOKING Spit Poison.
  1230 | D:2      | 1230 ||| INVOKING Spit Poison.
  1235 | D:2      | 1235 ||| INVOKING Spit Poison.
  1451 | D:2      | 1451 ||| INVOKING Spit Poison.
  1458 | D:2      | 1458 ||| INVOKING Spit Poison.
  1496 | D:2      | 1496 ||| READING scroll labelled ODYXZI URIHYA.
  1601 | D:3      | 1601 ||| INVOKING Spit Poison.
  1672 | D:3      | Found a white marble altar of Elyvilon.
  1675 | D:3      | Found Nuonum's Distillery.
  1685 | D:3      | 1685 ||| BUYING potion of curing (39 gold).
  1685 | D:3      | Bought a potion of curing for 39 gold pieces
  1685 | D:3      | 1685 ||| SHOPLISTING potion of curing (39 gold, have 23).
  1685 | D:3      | 1685 ||| SHOPLISTING potion of mutation (104 gold, have
                  | 23).
  1703 | D:3      | 1703 ||| INVOKING Spit Poison.
  1744 | D:3      | Reached skill level 3 in Fighting
  1748 | D:3      | 1748 ||| INVOKING Spit Poison.
  1750 | D:3      | Reached XP level 5. HP: 44/49 MP: 5/5
  1814 | D:3      | 1814 ||| INVOKING Spit Poison.
  1843 | D:3      | 1843 ||| INVOKING Spit Poison.
  1888 | D:3      | 1888 ||| INVOKING Spit Poison.
  1896 | D:3      | 1896 ||| INVOKING Spit Poison.
  1898 | D:3      | Found a faded altar of an unknown god.
  1952 | D:3      | Noticed Natasha
  1953 | D:3      | 1953 ||| INVOKING Spit Poison.
  1958 | D:3      | Killed Natasha
  1974 | D:3      | 1974 ||| DROPPING +1 sling of freezing.
  1990 | D:3      | Noticed Natasha
  1992 | D:3      | 1992 ||| INVOKING Spit Poison.
  1995 | D:3      | Killed Natasha
  1997 | D:3      | 1997 ||| READING 2 scrolls labelled XEIRULELUO.
  1998 | D:3      | 1998 ||| READING scroll labelled XEEZXU FIKH.
  1999 | D:3      | 1999 ||| READING scroll labelled EPPUDD ATEICS.
  2000 | D:3      | 2000 ||| READING 2 scrolls labelled OLIYFO HAME.
  2001 | D:3      | 2001 ||| READING scroll of enchant weapon.
  2001 | D:3      | 2001 ||| ENCHANTING +1 shortbow of freezing.
  2002 | D:3      | 2002 ||| READING scroll labelled OROLUS SIPA.
  2003 | D:3      | 2003 ||| READING scroll labelled ASIEMI KYUJYN.
  2024 | D:4      | 2024 ||| INVOKING Spit Poison.
  2033 | D:4      | 2033 ||| INVOKING Spit Poison.
  2052 | D:4      | 2052 ||| INVOKING Spit Poison.
  2059 | D:4      | 2059 ||| INVOKING Spit Poison.
  2064 | D:4      | 2064 ||| INVOKING Spit Poison.
  2193 | D:4      | 2193 ||| INVOKING Spit Poison.
  2385 | D:4      | 2385 ||| INVOKING Spit Poison.
  2387 | D:4      | Reached skill level 6 in Ranged Weapons
  2387 | D:4      | Reached XP level 6. HP: 56/56 MP: 6/6
  2452 | D:4      | 2452 ||| UPGRADING to +0 pair of gloves.
  2457 | D:4      | 2457 ||| READING scroll labelled SEZYEPSYU HATU.
  2458 | D:4      | 2458 ||| READING 3 scrolls of identify.
  2458 | D:4      | 2458 ||| IDENTIFYING amethyst potion
  2459 | D:4      | 2459 ||| DROPPING potion of attraction.
  2488 | D:5      | Entered Level 5 of the Dungeon
  2488 | D:5      | Found a sacrificial altar of Ru.
  2497 | D:5      | 2497 ||| INVOKING Spit Poison.
  2506 | D:5      | 2506 ||| INVOKING Spit Poison.
  2514 | D:5      | 2514 ||| INVOKING Spit Poison.
  2579 | D:5      | 2579 ||| INVOKING Spit Poison.
  2585 | D:5      | 2585 ||| INVOKING Spit Poison.
  2651 | D:5      | 2651 ||| INVOKING Spit Poison.
  2656 | D:5      | 2656 ||| INVOKING Spit Poison.
  2730 | D:5      | Noticed a water moccasin
  2734 | D:5      | Killed a water moccasin
  2735 | D:5      | Reached XP level 7. HP: 64/64 MP: 7/7
  2746 | D:5      | Found a hazy altar of Hepliaklqana.
  2790 | D:5      | 2790 ||| INVOKING Spit Poison.
  2795 | D:5      | 2795 ||| INVOKING Spit Poison.
  2796 | D:5      | Reached skill level 7 in Ranged Weapons
  2872 | D:5      | Found a snail-covered altar of Cheibriados.
  3014 | D:5      | Found a radiant altar of Vehumet.
  3029 | D:5      | 3029 ||| UPGRADING to +1 leather armour of cold resistance.
  3039 | D:5      | 3039 ||| DROPPING +0 leather armour.
  3040 | D:5      | 3040 ||| UPGRADING to +0 helmet.
  3045 | D:5      | 3045 ||| READING scroll labelled QYMAUDY GOLODY.
  3146 | D:5      | 3146 ||| READING 6 scrolls of identify.
  3146 | D:5      | 3146 ||| IDENTIFYING bubbling grey potion
  3147 | D:5      | 3147 ||| DROPPING potion of berserk rage.
  3175 | D:6      | 3175 ||| INVOKING Spit Poison.
  3211 | D:6      | 3211 ||| INVOKING Spit Poison.
  3216 | D:6      | 3216 ||| INVOKING Spit Poison.
  3220 | D:6      | 3220 ||| INVOKING Spit Poison.
  3224 | D:6      | 3224 ||| INVOKING Spit Poison.
  3227 | D:6      | 3227 ||| INVOKING Spit Poison.
  3234 | D:6      | 3234 ||| INVOKING Spit Poison.
  3238 | D:6      | 3238 ||| INVOKING Spit Poison.
  3238 | D:6      | HP: 10/64 [kobold brigand/+2 short sword of protection (7)]
  3239 | D:6      | 3239 ||| READING 3 scrolls of teleportation.
  3241 | D:6      | Reached skill level 1 in Armour
  3252 | D:6      | 3252 ||| FLEEEEING.
  3257 | D:6      | 3257 ||| STAIRDANCE
  3457 | D:6      | 3457 ||| INVOKING Spit Poison.
  3461 | D:6      | 3461 ||| INVOKING Spit Poison.
  3518 | D:6      | 3518 ||| INVOKING Spit Poison.
  3532 | D:6      | 3532 ||| INVOKING Spit Poison.
  3538 | D:6      | 3538 ||| INVOKING Spit Poison.
  3607 | D:6      | Reached XP level 8. HP: 50/72 MP: 8/8
  3710 | D:6      | 3710 ||| INVOKING Spit Poison.
  3712 | D:6      | 3712 ||| Stepping ~*~*~tactically~*~*~ (outnumbered).
  3716 | D:6      | 3716 ||| INVOKING Spit Poison.
  3722 | D:6      | 3722 ||| INVOKING Spit Poison.
  3726 | D:6      | Reached skill level 8 in Ranged Weapons
  3729 | D:6      | 3729 ||| INVOKING Spit Poison.
  3756 | D:6      | Found Uracaudy's Hallowed Reliquary.
  3757 | D:6      | Noticed an angel
  3763 | D:6      | 3763 ||| BUYING potion of curing (45 gold).
  3763 | D:6      | Bought a potion of curing for 45 gold pieces
  3763 | D:6      | 3763 ||| BUYING potion of curing (45 gold).
  3763 | D:6      | Bought a potion of curing for 45 gold pieces
  3763 | D:6      | 3763 ||| BUYING potion of heal wounds (75 gold).
  3763 | D:6      | Bought a potion of heal wounds for 75 gold pieces
  3763 | D:6      | 3763 ||| BUYING potion of heal wounds (75 gold).
  3763 | D:6      | Bought a potion of heal wounds for 75 gold pieces
  3763 | D:6      | 3763 ||| SHOPLISTING potion of heal wounds (75 gold, have
                  | 41).
  3763 | D:6      | 3763 ||| SHOPLISTING ring of positive energy (300 gold,
                  | have 41).
  3859 | D:6      | 3859 ||| INVOKING Spit Poison.
  3892 | D:6      | 3892 ||| INVOKING Spit Poison.
  3895 | D:6      | 3895 ||| INVOKING Spit Poison.
  3972 | D:6      | 3972 ||| Stepping ~*~*~tactically~*~*~ (outnumbered).
  3974 | D:6      | 3974 ||| Stepping ~*~*~tactically~*~*~ (outnumbered).
  3975 | D:6      | 3975 ||| INVOKING Spit Poison.
  3980 | D:6      | 3980 ||| INVOKING Spit Poison.
  3985 | D:6      | 3985 ||| INVOKING Spit Poison.
  4115 | D:6      | 4115 ||| READING scroll labelled PAHUERPHIXU.
  4115 | D:6      | Identified a scroll of acquirement
  4115 | D:6      | 4115 ||| ACQUIRING +3 arbalest of draining
  4115 | D:6      | Acquired a +3 arbalest of draining
  4117 | D:6      | 4117 ||| UPGRADING to +3 arbalest of draining.
  4118 | D:6      | 4118 ||| DROPPING +2 shortbow of freezing.
  4119 | D:6      | 4119 ||| READING scroll labelled AMUANEEGET.
  4120 | D:6      | 4120 ||| READING 6 scrolls of identify.
  4120 | D:6      | 4120 ||| IDENTIFYING ruby potion
  4121 | D:6      | 4121 ||| DROPPING potion of invisibility.
  4125 | D:7      | Noticed Pikel
  4126 | D:7      | 4126 ||| INVOKING Spit Poison.
  4129 | D:7      | 4129 ||| INVOKING Spit Poison.
  4131 | D:7      | 4131 ||| STAIRDANCE
  4133 | D:6      | 4133 ||| INVOKING Spit Poison.
  4137 | D:6      | 4137 ||| INVOKING Spit Poison.
  4139 | D:6      | HP: 18/74 [lemure[Pikel] (2)]
  4140 | D:6      | 4140 ||| READING 3 scrolls of teleportation.
  4141 | D:6      | 4141 ||| DRINKING 2 potions of heal wounds.
  4437 | D:7      | Reached skill level 9 in Ranged Weapons
  4456 | D:7      | 4456 ||| INVOKING Spit Poison.
  4458 | D:7      | Killed Pikel
  4459 | D:7      | Reached XP level 9. HP: 86/86 MP: 9/9
  4492 | D:7      | Found a flagged portal.
  4545 | D:7      | 4545 ||| INVOKING Spit Poison.
  4566 | D:7      | 4566 ||| INVOKING Spit Poison.
  4699 | D:7      | Found a staircase to the Ecumenical Temple.
  4700 | D:7      | 4700 ||| PLANNING TEMPLE
  4700 | D:7      | 4700 ||| UPGRADING to amulet of faith.
  4713 | Temple   | Entered the Ecumenical Temple
  4715 | Temple   | 4715 ||| PLANNING OKAWARU WORSHIP
  4758 | Temple   | Became a worshipper of Warmaster Okawaru
  4759 | Temple   | 4759 ||| PLANNING D:1-11
  4808 | D:7      | 4808 ||| INVOKING Spit Poison.
  4814 | D:7      | Reached skill level 3 in Dodging
  4815 | D:7      | 4815 ||| INVOKING Spit Poison.
  4819 | D:7      | 4819 ||| INVOKING Spit Poison.
  4844 | D:7      | Noticed Joseph
  4845 | D:7      | 4845 ||| INVOKING Spit Poison.
  4850 | D:7      | 4850 ||| INVOKING Spit Poison.
  4856 | D:7      | 4856 ||| INVOKING Spit Poison.
  4860 | D:7      | 4860 ||| INVOKING Spit Poison.
  4862 | D:7      | Killed Joseph
  4862 | D:7      | Reached * piety under Okawaru
  5123 | D:7      | Found a runed translucent door.
  5124 | D:7      | Noticed Crazy Yiuf
  5204 | D:7      | 5204 ||| READING 2 scrolls of enchant weapon.
  5204 | D:7      | 5204 ||| ENCHANTING +3 arbalest of draining.
  5205 | D:7      | 5205 ||| READING scroll of enchant weapon.
  5205 | D:7      | 5205 ||| ENCHANTING +4 arbalest of draining.
  5515 | D:7      | 5515 ||| DROPPING amulet of magic regeneration.
  5633 | D:8      | 5633 ||| INVOKING Heroism.
  5635 | D:8      | 5635 ||| Stepping ~*~*~tactically~*~*~ (outnumbered).
  5636 | D:8      | 5636 ||| Stepping ~*~*~tactically~*~*~ (outnumbered).
  5638 | D:8      | 5638 ||| INVOKING Spit Poison.
  5640 | D:8      | 5640 ||| Stepping ~*~*~tactically~*~*~ (outnumbered).
  5642 | D:8      | 5642 ||| INVOKING Heroism.
  5644 | D:8      | 5644 ||| INVOKING Spit Poison.
  5645 | D:8      | 5645 ||| INVOKING Spit Poison.
  5651 | D:8      | 5651 ||| INVOKING Spit Poison.
  5652 | D:8      | 5652 ||| INVOKING Heroism.
  5655 | D:8      | 5655 ||| Stepping ~*~*~tactically~*~*~ (outnumbered).
  5658 | D:8      | 5658 ||| INVOKING Spit Poison.
  5709 | D:8      | 5709 ||| INVOKING Spit Poison.
  5715 | D:8      | 5715 ||| INVOKING Spit Poison.
  5717 | D:8      | Reached skill level 10 in Ranged Weapons
  5719 | D:8      | 5719 ||| Stepping ~*~*~tactically~*~*~ (outnumbered).
  5720 | D:8      | 5720 ||| INVOKING Spit Poison.
  5724 | D:8      | 5724 ||| INVOKING Heroism.
  5913 | D:8      | Found a shimmering blue altar of Sif Muna.
  6321 | D:8      | 6321 ||| INVOKING Heroism.
  6322 | D:8      | 6322 ||| INVOKING Spit Poison.
  6479 | D:8      | 6479 ||| DRINKING 2 sapphire potions.
  6522 | D:9      | Noticed a two-headed ogre
  6523 | D:9      | 6523 ||| INVOKING Spit Poison.
  6524 | D:9      | 6524 ||| STAIRDANCE
  6581 | D:9      | 6581 ||| STAIRDANCE
  6583 | D:8      | 6583 ||| INVOKING Spit Poison.
  6586 | D:8      | 6586 ||| INVOKING Spit Poison.
  6586 | D:8      | HP: 6/86 [two-headed ogre/+0 giant spiked club (18)]
  6587 | D:8      | 6587 ||| READING 5 scrolls of teleportation.
  6588 | D:8      | 6588 ||| DRINKING potion of heal wounds.
  6589 | D:8      | Killed a two-headed ogre
  6590 | D:8      | Reached skill level 11 in Ranged Weapons
  6590 | D:8      | Reached XP level 10. HP: 16/94 MP: 10/10
  6838 | D:9      | 6838 ||| INVOKING Spit Poison.
  6841 | D:9      | 6841 ||| INVOKING Spit Poison.
  6844 | D:9      | Reached skill level 1 in Invocations
  6847 | D:9      | 6847 ||| INVOKING Spit Poison.
  6892 | D:9      | Found a basalt altar of Yredelemnul.
  6911 | D:9      | 6911 ||| INVOKING Heroism.
  7021 | D:9      | 7021 ||| INVOKING Heroism.
  7023 | D:9      | 7023 ||| INVOKING Spit Poison.
  7025 | D:9      | Reached skill level 3 in Invocations
  7091 | D:9      | 7091 ||| INVOKING Spit Poison.
  7092 | D:9      | Reached ** piety under Okawaru
  7097 | D:9      | 7097 ||| INVOKING Spit Poison.
  7196 | D:9      | Found a broken altar of Ashenzari.
  7249 | D:9      | Found a blossoming altar of Fedhas.
  7432 | D:9      | 7432 ||| READING 2 scrolls labelled WEHOAKHOUMM.
  7436 | D:9      | 7436 ||| READING 7 scrolls of identify.
  7436 | D:9      | 7436 ||| IDENTIFYING puce potion
  7437 | D:9      | 7437 ||| READING 6 scrolls of identify.
  7437 | D:9      | 7437 ||| IDENTIFYING viscous green potion
  7438 | D:9      | 7438 ||| DROPPING scroll of amnesia.
  7462 | D:9      | 7462 ||| DROPPING potion of enlightenment.
  7463 | D:9      | 7463 ||| DROPPING potion of degeneration.
  7492 | D:10     | Entered Level 10 of the Dungeon
  7544 | D:10     | 7544 ||| INVOKING Spit Poison.
  7552 | D:10     | 7552 ||| INVOKING Spit Poison.
  7560 | D:10     | 7560 ||| INVOKING Spit Poison.
  7564 | D:10     | 7564 ||| INVOKING Spit Poison.
  7567 | D:10     | HP: 23/96 [yak (13)]
  7568 | D:10     | 7568 ||| READING 5 scrolls of teleportation.
  7568 | D:10     | HP: 6/96 [yak (11)]
  7569 | D:10     | 7569 ||| INVOKING Heroism.
  7569 | D:10     | Slain by a yak

Levels and vault maps discovered:
D:1:      elethiomel_arrival_shortcut, layout_loops_ring, serial_shops,
          nicolae_lakefront_shop
D:2:      layout_loops_ring, basic_altar, st_stairs_2
D:3:      layout_rooms, mainiacjoe_overflow_small_starburst,
          ebering_ecumenical_altar_mist, serial_shops, shop,
          minmay_misc_feat_columns, uniq_natasha
D:4:      layout_rooms, amcnicky_mini_pool_small,
          nicolae_concentric_dashed_squares_mild, dreamdust_princess_corridor,
          minivault_26
D:5:      layout_cave_pools, nicolae_hepliaklqana_hazy_memory,
          kennysheep_mini_moat, mainiacjoe_overflow_catch_the_wave
D:6:      layout_loops_cross, corexii_shack, nicolae_good_shop
D:7:      layout_basic, temple_hall, enter_bailey_8, kb_lookout_dungeons_type,
          corner_web_ring, uniq_crazy_yiuf_cottage, uniq_joseph, uniq_pikel
D:8:      layout_loops_cross, mainiacjoe_overflow_boulevard, kennysheep_path_1
D:9:      layout_cave_pools, old_standard_altar, general_overflow_altar,
          ashenzari_altar_1, st_stairs_8
D:10:     layout_basic, serial_shops, shop, minmay_fractal_squares_gapless_5,
          uniq_josephine
Temple:   cyrus_circular_temple

Skill      XL: |  1  2  3  4  5  6  7  8  9 10 |
---------------+-------------------------------+-----
Ranged Weapons | 4 5 6 7 9 11 | 11.2
Fighting       | 3 4 7 |  7.7
Dodging        | 2 3 4 |  4.0
Armour         | 1 |  1.3
Invocations    | 4 |  4.0
Stealth        | |  1.5

Action                     |  1- 3 |  4- 6 |  7- 9 | 10-12 || total
---------------------------+-------+-------+-------+-------++-------
   Fire: Shortbow          |    71 |   108 |    92 |       ||   271
         Arbalest          |       |       |    81 |    37 ||   118
 Invoke: Heroism           |       |       |     5 |     3 ||     8
Ability: Spit Poison       |    22 |    40 |    50 |    10 ||   122
    Use: Scroll            |     2 |    10 |    10 |     4 ||    26
         Potion            |       |       |     3 |       ||     3
 Armour: Leather armour    |     3 |     4 |    44 |     7 ||    58
  Dodge: Dodged            |     5 |    14 |    65 |    21 ||   105

Table legend:
 A = Non-vault XP
 B = Vault XP
 C = Vault XP percentage of total XP
 D = Non-vault monster count
 E = Vault monster count
 F = Vault count percentage of total count
                 A         B        C        D         E       F
            +---------+---------+-------+---------+---------+-------
      Total |    4793 |    2098 |  30.4 |     159 |       8 |   4.8
            +---------+---------+-------+---------+---------+-------
        D:1 |      45 |       0 |   0.0 |      28 |       0 |   0.0
        D:2 |      90 |       6 |   6.2 |      24 |       2 |   7.7
        D:3 |      94 |      35 |  27.1 |      14 |       1 |   6.7
        D:4 |      63 |       0 |   0.0 |       9 |       0 |   0.0
        D:5 |     510 |       0 |   0.0 |      13 |       0 |   0.0
        D:6 |     902 |       3 |   0.3 |      28 |       1 |   3.4
        D:7 |     486 |    1241 |  71.9 |      10 |       3 |  23.1
        D:8 |     623 |     813 |  56.6 |      17 |       1 |   5.6
        D:9 |    1733 |       0 |   0.0 |      12 |       0 |   0.0
       D:10 |     247 |       0 |   0.0 |       4 |       0 |   0.0
            +---------+---------+-------+---------+---------+-------
